 Dungeon Crawl Stone Soup version 0.29-a0-356-g7bc237e783 (webtiles) character file.

Game seed: 9189026290511766425

349 jlumianski the Covered (level 6, -6/48 HPs)
             Began as a Demonspawn Fighter on Apr 26, 2022.
             Was an Initiate of Fedhas.
             Mangled by a yak (12 damage)
             ... on level 3 of the Dungeon.
             The game lasted 00:21:41 (4253 turns).

jlumianski the Covered (Demonspawn Fighter)         Turns: 4253, Time: 00:21:42

Health: -6/48      AC: 14    Str: 17    XL:     6   Next: 33%
Magic:  6/6        EV:  9    Int:  9    God:    Fedhas [......]
Gold:   291        SH:  9    Dex: 14    Spells: 5/5 levels left

rFire   . . .      SeeInvis .   a - +0 rapier
rCold   . . .      Faith    .   c - +0 buckler
rNeg    . . .      Spirit   .   D - +0 plate armour
rPois   .          Reflect  .   w - +0 helmet
rElec   .          Harm     +   A - scarf {harm}
rCorr   .          Rampage  .   (no gloves)
Will    .....                   (no boots)
Stlth   ..........              (no amulet)
HPRegen 0.16/turn               g - +4 ring of evasion
MPRegen 0.10/turn               (no ring)

@: no status effects
A: icy blue scales 1, demonic guardian 1, condensation shield, weakness stinger
1
a: Renounce Religion


You were on level 3 of the Dungeon.
You worshipped Fedhas.
Fedhas was noncommittal.
You visited 2 branches of the dungeon, and saw 6 of its levels.

You collected 291 gold pieces.

Inventory:

Hand Weapons
 a - a +0 rapier (weapon)
 p - a +0 hand crossbow
Missiles
 e - 192 stones
 q - 6 boomerangs (quivered)
Armour
 b - a +0 scale mail
 c - a +0 buckler (worn)
 m - an orb of light
 w - a +0 helmet (worn)
 A - a scarf of harm (worn)
 B - a +0 chain mail
 D - a +0 plate armour (worn)
Magical Staves
 t - a staff of earth
Jewellery
 g - a +4 ring of evasion (left hand)
Scrolls
 f - 2 scrolls of amnesia
 i - 2 scrolls of identify {unknown}
 j - 3 scrolls of fear
 n - 2 scrolls of enchant armour {unknown}
 o - 2 scrolls of torment {unknown}
 r - 2 scrolls of noise {unknown}
 v - a scroll of enchant weapon {unknown}
 y - 2 scrolls of teleportation
 z - a scroll of magic mapping {unknown}
 C - a scroll of fog {unknown}
Potions
 d - 2 potions of might
 h - a potion of resistance {unknown}
 k - a potion of heal wounds {unknown}
 l - 3 potions of haste {unknown}
 s - 2 potions of degeneration {unknown}
 u - a potion of flight {unknown}
 x - a potion of attraction {unknown}


   Skills:
 + Level 3.9 Fighting
 + Level 3.9 Short Blades
 + Level 4.0 Armour
 + Level 1.6 Dodging
 + Level 3.3 Shields


You had 5 spell levels left.
You didn't know any spells.
Your spell library contained the following spells:

 Spells                   Type           Power      Damage    Failure   Level
 Sandblast                Erth           0%         2d4       100%        1
 Passwall                 Tmut/Erth      0%         N/A       100%        2
 Gell's Gravitas          Tloc           0%         N/A       100%        3
 Stone Arrow              Conj/Erth      0%         3d7       100%        3
 Teleport Other           Tloc           0%         N/A       100%        3
 Dispersal                Tloc           0%         N/A       100%        6


Dungeon Overview and Level Annotations

Branches:
Dungeon (5/15)             Temple (1/1) D:4

Altars:
Ashenzari
Dithmenos
Elyvilon
Fedhas
Gozag
Hepliaklqana
Makhleb
Nemelex Xobeh
Qazlal
Ru
Sif Muna
Xom
Yredelemnul
Zin
The Shining One

Shops:
D:5 *


Innate Abilities, Weirdness & Mutations

You are partially covered in icy blue scales. (AC +2)
A weak demonic guardian rushes to your aid.
A meltable shield of frost defends you. (SH +4)
You have a small tail.


Message History

You block the yak's attack. The yak gores you.
You closely miss the yak.
Your tail-slap misses the yak.
The yak is heavily wounded.
The yak gores you. The yak gores you but does no damage.
You hit the yak but do no damage.
The yak is heavily wounded.
The yak gores you but does no damage. The yak closely misses you.
You hit the yak but do no damage.
The yak is heavily wounded.
The yak gores you but does no damage. The yak gores you!
You barely miss the yak.
The yak is heavily wounded.
You block the yak's attack. The yak misses you.
You closely miss the yak.
Your tail-slap misses the yak.
The yak is heavily wounded.
The yak gores you. The yak closely misses you.
You hit the yak.
The yak is heavily wounded.
You block the yak's attack. The yak gores you!
* * * LOW HITPOINT WARNING * * *
A demonic guardian appears!
You block the yak's attack.
You swap places.
The yak attacks as you move away! The yak gores you but does no damage.
The yak attacks as you move away! The yak gores you but does no damage.
The yak gores your iron imp.
Your iron imp closely misses the yak.
The yak attacks as you move away! You block the yak's attack.
There is a stone staircase leading up here.
You block the yak's attack. The yak gores your iron imp.
Your iron imp hits the yak.
You climb upwards.
Your summoned ally is left behind.
There is a stone staircase leading down here.
You completely miss the yak. You tail-slap the yak!
The yak is severely wounded.
You block the yak's attack.
You hit the yak.
The yak is severely wounded.
The yak gores you!
You die...
Fedhas appreciates your contribution to the ecosystem.

#.##.## #.# #...# #.##
#.#...######### #.#
#.### #.#
#.#...........# #.#
#.# #.#
#.#...#######.######.#
#.# #.#
#....................#
#.#####.##
#############.########
#......... #.#
#######.## #.#########
#.#
#..Y@.....########.##
#########............
#############


You could see a yak.

Vanquished Creatures
  A phantom (D:4)
  A hound (D:5)
  An iguana (D:4)
  6 adders
  5 worms
  4 dart slugs
  13 orcs
  12 ball pythons
  15 endoplasms
  6 giant cockroaches
  6 goblins
  10 hobgoblins
  A jackal (D:2)
  A quokka (Temple)
  5 bats
  2 frilled lizards (D:3)
  6 kobolds
  9 rats
104 creatures vanquished.

Vanquished Creatures (collateral kills)
  2 adders (D:2)
  A dart slug (D:1)
  A kobold (D:4)
4 creatures vanquished.

Grand Total: 108 creatures vanquished

Notes
Turn   | Place    | Note
-------+----------+-------------------------------------------
     0 | D:1      | jlumianski the Demonspawn Fighter began the quest for the
                  | Orb.
     0 | D:1      | Reached XP level 1. HP: 18/18 MP: 1/1
   269 | D:1      | Gained mutation: A weak demonic guardian rushes to your
                  | aid. [demonic ancestry]
   269 | D:1      | Reached XP level 2. HP: 21/24 MP: 2/2
   459 | D:1      | Reached skill level 3 in Armour
   479 | D:1      | Found a faded altar of an unknown god.
   944 | D:1      | Gained mutation: You are partially covered in icy blue
                  | scales. (AC +2) [demonic ancestry]
   944 | D:1      | Reached XP level 3. HP: 29/29 MP: 3/3
  1612 | D:2      | Gained mutation: You have a small tail. [demonic ancestry]
  1612 | D:2      | Reached XP level 4. HP: 35/35 MP: 4/4
  2466 | D:3      | Gained mutation: A meltable shield of frost defends you.
                  | (SH +4) [demonic ancestry]
  2466 | D:3      | Reached XP level 5. HP: 42/42 MP: 5/5
  3177 | D:3      | Found a broken altar of Ashenzari.
  3383 | D:4      | Reached skill level 1 in Dodging
  3457 | D:4      | Found an opulent altar of Gozag.
  3539 | D:4      | Found a staircase to the Ecumenical Temple.
  3548 | Temple   | Entered the Ecumenical Temple
  3613 | Temple   | Became a worshipper of Fedhas Madash
  3857 | D:4      | Found a basalt altar of Yredelemnul.
  3865 | D:4      | Found a sparkling altar of Nemelex Xobeh.
  3932 | D:4      | Noticed a phantom
  3941 | D:4      | Killed a phantom
  3942 | D:4      | Reached XP level 6. HP: 47/48 MP: 6/6
  4137 | D:5      | Entered Level 5 of the Dungeon
  4137 | D:5      | Found Ucwoc's Assorted Antiques.
  4178 | D:5      | Reached skill level 4 in Armour
  4223 | D:5      | Noticed a yak
  4223 | D:5      | Noticed a yak
  4230 | D:5      | Noticed a yak
  4231 | D:5      | Noticed a yak
  4253 | D:3      | Mangled by a yak

Illustrated notes

Levels and vault maps discovered:
D:1:      matt_arrival_grand_opening, layout_loops_ring,
          ebering_ecumenical_altar_abandoned
D:2:      layout_loops_ring, minmay_close_crescents
D:3:      layout_loops_ring, lemuel_round_altar
D:4:      layout_cave_pools, nicolae_gozag_seed_capital,
          gammafunk_temple_overflow_claw, kennysheep_little_box,
          minmay_temple_entry_trees
D:5:      layout_cave_pools, serial_shops, nicolae_shop_stone
Temple:   jpeg_temple_island

Skill      XL: |  1  2  3  4  5  6 |
---------------+-------------------+-----
Armour         | 3 4 |  4.0
Short Blades   | 2 3 |  3.9
Shields        | 3 |  3.3
Dodging        | 1 |  1.6
Fighting       | |  3.9

Action                   |  1- 3 |  4- 6 || total
-------------------------+-------+-------++-------
Melee: Rapier            |   132 |   226 ||   358
       Tailslap          |       |    30 ||    30
Throw: Boomerang         |       |     5 ||     5
  Use: Scroll            |     3 |       ||     3
Armor: Scale mail        |    53 |    41 ||    94
       Plate armour      |       |    23 ||    23
       Chain mail        |       |     3 ||     3
Dodge: Dodged            |    72 |   111 ||   183
Block: Buckler           |    23 |    92 ||   115

Table legend: (Time is in decaauts)
 A = Elapsed time spent in this place.
 B = Non-inter-level travel time spent in this place.
 C = Inter-level travel time spent in this place.
 D = Time resting spent in this place.
 E = Time spent auto-exploring this place.
 F = Levels seen in this place.
 G = Mean time per level.
                   A        B        C        D        E       F      G
               +--------+--------+--------+--------+--------+-----+--------+
         Total |   4303 |   4206 |     97 |     37 |   2294 |   6 |  717.2 |
       Dungeon |   4073 |   3976 |     97 |      0 |   2272 |   5 |  814.6 |
        Temple |    230 |    230 |      0 |     37 |     22 |   1 |  230.0 |
               +--------+--------+--------+--------+--------+-----+--------+

Top non-repeatable levels by time:
     D:1: 1362 daAuts
     D:2: 1041 daAuts
     D:3: 863 daAuts
     D:4: 707 daAuts
  Temple: 230 daAuts
     D:5: 98 daAuts
